 Dungeon Crawl Stone Soup version 0.25-a0-458-g6fc7858 (webtiles) character file.

Game seed: 11036424888618771230, levelgen mode: deterministic

8202 Auros the Cleaver (level 11, -5/95 HPs)
             Began as a Hill Orc Fighter on Jan 31, 2020.
             Was an Elder of Beogh.
             Slain by Urug
             ... wielding a +3 war axe of freezing
              (8 damage)
             ... on level 1 of the Lair of Beasts on Feb 1, 2020.
             The game lasted 01:28:14 (11889 turns).

Auros the Cleaver (Hill Orc Fighter)               Turns: 11889, Time: 01:28:18

Health: -5/95      AC: 14    Str: 29    XL:     11   Next: 27%
Magic:  15/17      EV:  8    Int: 11    God:    Beogh [****..]
Gold:   542        SH: 13    Dex: 10    Spells: 9/10 levels left

rFire    . . .     SeeInvis +   K - +1 hand axe (distort)
rCold    . . .     Gourm    .   g - +1 shield
rNeg     . . .     Faith    .   J - +1 chain mail "Kearos" {Str+6}
rPois    .         Spirit   .   (no helmet)
rElec    .         Reflect  .   v - +0 cloak
rCorr    .         Harm     .   M - +0 pair of gloves "Keg Wewoi" {Int+3}
MR       +....                  (no boots)
Stlth    ..........             (no amulet)
HPRegen  0.25/turn              b - ring of see invisible
MPRegen  0.15/turn              O - ring of protection from magic

@: no status effects
A: no striking features
a: Smiting, Recall Orcish Followers, Renounce Religion


You were on level 1 of the Lair of Beasts.
You worshipped Beogh.
Beogh was greatly pleased with you.
You were very hungry.

You visited 2 branches of the dungeon, and saw 11 of its levels.

You collected 626 gold pieces.
You spent 84 gold pieces at shops.

Inventory:

Hand Weapons
 a - a +0 war axe
 K - a +1 hand axe of distortion (weapon)
 N - a +1 dagger of holy wrath
 P - a +2 falchion of holy wrath
 T - a +0 great sword
Missiles
 f - 8 javelins
 X - 4 curare-tipped darts
 Z - 227 stones (quivered)
Armour
 g - a +1 shield (worn)
 v - a +0 cloak (worn)
 J - the +1 chain mail "Kearos" (worn) {Str+6}
   (You found it on level 6 of the Dungeon)

   It affects your strength (+6).
   If you remove this armour, your AC will fall 12 points (14 -> 2)
 M - the +0 pair of gloves "Keg Wewoi" (worn) {Int+3}
   (You found it on level 8 of the Dungeon)

   It affects your intelligence (+3).
   If you remove this armour, your AC will fall 1 point (14 -> 13)
Magical Staves
 H - an uncursed staff of power {unknown}
Jewellery
 b - a ring of see invisible (left hand)
 l - an uncursed ring of fire
 O - a ring of protection from magic (right hand)
 R - an uncursed ring of protection from cold
 V - an uncursed ring of stealth {unknown}
Wands
 D - a wand of random effects (20)
 F - a wand of flame (7)
 G - a wand of iceblast (31)
 I - a wand of digging (5)
 U - a wand of disintegration (13)
Scrolls
 c - 4 scrolls of remove curse
 e - 4 scrolls of enchant armour
 h - 2 scrolls of amnesia
 i - a scroll of identify
 k - 2 scrolls of silence {unknown}
 r - a scroll of random uselessness {unknown}
 t - 3 scrolls of teleportation
 y - 2 scrolls of fear {unknown}
 A - a scroll of enchant weapon
 L - 2 scrolls of blinking {unknown}
 W - a scroll of fog {unknown}
Potions
 d - a potion of might
 m - 5 potions of curing
 n - 5 potions of brilliance
 o - 2 potions of invisibility
 q - 2 potions of flight
 u - 4 potions of haste
 x - a potion of lignification {unknown}
 E - a potion of magic {unknown}
 Q - 2 potions of cancellation
 Y - a potion of heal wounds {unknown}
Comestibles
 z - 22 rations


   Skills:
 + Level 8.8 Fighting
 + Level 11.6 Axes
 + Level 8.1 Armour
 + Level 2.3 Dodging
 + Level 7.9 Shields
   Level 4.0 Summonings
 - Level 3.6 Necromancy
 + Level 8.4 Invocations


You had 9 spell levels left.
You knew the following spells:

 Your Spells              Type           Power        Failure   Level  Hunger
a - Animate Skeleton      Necr           N/A          65%         1    ##.....

Your spell library contained the following spells:

 Spells                   Type           Power        Failure   Level  Hunger
 Summon Small Mammal      Summ           #...         58%         1    ##.....
 Apportation              Tloc           #.....       98%         1    ##.....
 Beastly Appendage        Tmut           #.....       98%         1    ##.....
 Corona                   Hex            #......      98%         1    ##.....
 Infusion                 Chrm           #...         98%         1    ##.....
 Shroud of Golubria       Chrm/Tloc      #.....       99%         2    ###....
 Song of Slaying          Chrm           #.......     99%         2    ###....
 Sticks to Snakes         Tmut           #.......     99%         2    ###....
 Ozocubu's Armour         Chrm/Ice       #.......     100%        3    ####...
 Spectral Weapon          Hex/Chrm       #.......     100%        3    ####...
 Spider Form              Tmut/Pois      #.........   100%        3    ####...
 Ice Form                 Ice/Tmut       #.......     100%        4    #####..
 Blade Hands              Tmut           #.........   100%        5    ######.


Dungeon Overview and Level Annotations

Branches:
Dungeon (10/15)              Lair (1/6) D:10            Orc (0/2) D:10
 Temple: D:4-7

Altars:
Cheibriados
Fedhas
Hepliaklqana
Nemelex Xobeh
Vehumet
The Shining One

Shops:
D:5 *   D:6 !

Annotations:
D:2 Sigmund
Lair:1 Urug
Abyss:1 Fannar, Maggie


Message History

Unknown command.
You hit Urug.
Space bends around Urug.
Urug is lightly wounded.
You begin recalling your allies.
Marbork is recalled.
Your orc warrior is recalled.
You finish recalling your allies.
Urug hits you with a +3 war axe of freezing!!
* * * LOW HITPOINT WARNING * * *
Urug freezes you.
* * * LOW HITPOINT WARNING * * *
Urug hits your orc warrior with a +3 war axe of freezing!
Urug freezes your orc warrior.
Urug completely misses Marbork.
You closely miss Urug.
Urug is lightly wounded.
Your orc warrior barely misses Urug.
Urug hits you with a +3 war axe of freezing!!
* * * LOW HITPOINT WARNING * * *
Urug freezes you!
You die...
Beogh appreciates Urug's killing of a heretic priest.

#........#.##.# .
#P......#.....+./
#............... ##
#......#...=.P..##
###P #......#o....#
... ....
##......(.....#...
##.
#.......#........ .
#.
##.......##oP##....
#.
#........@oo......
#.
##...#####.####.##.
#. #P..(## ### #
###. #....P# ....
##...## .... ....
#...# ....# P###
#...# #....# #...##
#....# #....#
##....#


You could see Urug (invisible), the friendly Marbork the orc knight and a
friendly orc warrior.

Vanquished Creatures
  2 two-headed ogres
  3 hippogriffs
  3 yaks (D:10)
  A porcupine (D:10)
  A sky beast (D:10)
  2 ice beasts
  6 ogres
  4 centaurs
  2 crocodiles
  6 bullfrogs
  A wyvern skeleton (D:8)
  3 scorpions
  6 killer bees
  3 howler monkeys
  2 crimson imps
  4 jellies
  3 centaur skeletons
  2 orc priests (D:8)
  3 hounds
  4 orc wizards
  3 worker ants
  4 iguanas
  A worker ant zombie (D:7)
  A gnoll (D:8)
  A howler monkey skeleton (D:9)
  13 adders
  4 shadow imps
  2 adder zombies
  An adder skeleton (D:4)
  4 worms
  A dart slug (D:1)
  4 leopard geckos
  15 orcs
  4 giant cockroaches
  5 goblins
  6 hobgoblins
  9 jackals
  4 quokkas
  10 bats
  4 frilled lizards
  A goblin skeleton (D:9)
  A goblin zombie (D:9)
  2 hobgoblin zombies (D:9)
  3 kobolds
  3 kobold skeletons (D:9)
  A leopard gecko skeleton (D:5)
  A leopard gecko zombie (D:7)
  3 orc skeletons (D:9)
  An orc zombie (D:9)
  2 quokka skeletons
  4 rats
  5 plants (D:10)
184 creatures vanquished.

Vanquished Creatures (collateral kills)
  Sonja (D:10)
  A hippogriff (Lair:1)
  5 blink frogs (Lair:1)
  2 yaks (D:10)
  A hungry ghost (D:10)
  A water moccasin (Lair:1)
  A porcupine (Lair:1)
  2 ogres (D:10)
  A centaur (D:9)
  2 crocodiles (Lair:1)
  4 killer bees
  2 howler monkeys (D:10)
  A crimson imp (D:9)
  A quasit (D:7)
  An orc priest (D:10)
  A centaur skeleton (D:9)
  2 orc wizards
  A bullfrog skeleton (D:9)
  2 worker ants
  A statue (D:9)
  2 gnolls (D:7)
  An adder (D:6)
  A shadow imp (D:5)
  An ooze (D:5)
  An adder zombie (D:5)
  A worm (D:8)
  An orc (D:8)
  A kobold skeleton (D:9)
  A kobold zombie (D:9)
  A fungus (Lair:1)
  A plant (D:10)
45 creatures vanquished.

Vanquished Creatures (others)
  A troll (D:9)
  A hippogriff (D:8)
  A yak (D:10)
  A hungry ghost (D:10)
  A porcupine (Lair:1)
  An orc warrior (D:10)
  A bullfrog (D:8)
  A howler monkey (D:10)
  A quasit (D:9)
  A bullfrog zombie (D:8)
  A centaur zombie (D:7)
  3 orc priests (D:9)
  An orc wizard (D:8)
  A leopard gecko (D:7)
  5 orcs
  A giant cockroach (D:7)
  6 plants (D:10)
28 creatures vanquished.

Grand Total: 257 creatures vanquished

Notes
Turn   | Place    | Note
-------+----------+-------------------------------------------
     0 | D:1      | Auros the Hill Orc Fighter began the quest for the Orb.
     0 | D:1      | Reached XP level 1. HP: 19/19 MP: 1/1
   208 | D:1      | Reached skill level 3 in Axes
   479 | D:1      | Reached XP level 2. HP: 26/26 MP: 2/2
   734 | D:1      | Reached skill level 4 in Axes
  1038 | D:2      | Reached XP level 3. HP: 31/31 MP: 3/3
  1081 | D:2      | Reached skill level 5 in Axes
  1348 | D:2      | Reached XP level 4. HP: 38/39 MP: 4/4
  1450 | D:2      | Reached skill level 6 in Axes
  1972 | D:2      | Noticed Sigmund
  2124 | D:3      | Became a worshipper of Beogh the Brigand
  2138 | D:3      | Learned a level 1 spell: Animate Skeleton
  2442 | D:3      | Reached XP level 5. HP: 41/45 MP: 5/5
  2471 | D:3      | Reached skill level 1 in Necromancy
  3191 | D:4      | Reached * piety under Beogh
  3191 | D:4      | Reached skill level 7 in Axes
  3204 | D:4      | Reached XP level 6. HP: 40/51 MP: 6/6
  3320 | D:5      | Entered Level 5 of the Dungeon
  3804 | D:5      | Found a hazy altar of Hepliaklqana.
  3865 | D:5      | Found Piz Yraowni's Assorted Antiques.
  3931 | D:5      | Reached skill level 8 in Axes
  3931 | D:5      | Reached XP level 7. HP: 50/57 MP: 7/7
  4326 | D:6      | Reached skill level 1 in Invocations
  4471 | D:6      | Got a jewelled chain mail
  4482 | D:6      | Identified the cursed +1 chain mail "Kearos" {Str+6} (You
                  | found it on level 6 of the Dungeon)
  4698 | D:6      | Found Viud's Distillery.
  4706 | D:6      | Bought a potion of curing for 42 gold pieces
  4706 | D:6      | Bought a potion of curing for 42 gold pieces
  5354 | D:7      | Noticed a hippogriff
  5361 | D:7      | Killed a hippogriff
  5361 | D:7      | Reached XP level 8. HP: 62/67 MP: 9/9
  5441 | D:7      | Reached ** piety under Beogh
  5604 | D:7      | Reached skill level 9 in Axes
  5673 | D:7      | Reached skill level 5 in Fighting
  5789 | D:7      | Found a blossoming altar of Fedhas.
  6013 | D:8      | Noticed Maggie
  6023 | D:8      | Reached skill level 5 in Armour
  6023 | D:8      | Reached skill level 5 in Shields
  6208 | D:8      | Reached XP level 9. HP: 71/75 MP: 12/12
  6322 | D:8      | Learned a level 1 spell: Summon Small Mammal
  6475 | D:8      | Found a sparkling altar of Nemelex Xobeh.
  6517 | D:8      | Banished Maggie
  6540 | D:8      | Reached skill level 1 in Summonings
  6547 | D:8      | Reached skill level 5 in Invocations
  6791 | D:8      | Reached skill level 10 in Axes
  6935 | D:8      | Found a snail-covered altar of Cheibriados.
  7028 | D:8      | Noticed a two-headed ogre
  7054 | D:7      | Killed a two-headed ogre
  7188 | D:8      | Identified the +1 robe "Afuup" {Int+3}
  7299 | D:8      | Reached *** piety under Beogh
  7688 | D:8      | Got a pair of smoking gloves
  7694 | D:8      | Identified the +0 pair of gloves "Keg Wewoi" {Int+3} (You
                  | found it on level 8 of the Dungeon)
  7979 | D:9      | Found a glowing golden altar of the Shining One.
  7994 | D:9      | Reached XP level 10. HP: 73/86 MP: 14/14
  8671 | D:9      | Gained Marbork as an ally
  8771 | D:9      | Found a radiant altar of Vehumet.
  9059 | D:10     | Entered Level 10 of the Dungeon
  9060 | D:10     | Found a staircase to the Lair.
  9254 | D:10     | Found a staircase to the Orcish Mines.
  9452 | D:10     | Reached **** piety under Beogh
  9474 | D:10     | Reached skill level 11 in Axes
 10037 | D:10     | Noticed a two-headed ogre
 10044 | D:10     | Killed a two-headed ogre
 10044 | D:10     | Reached skill level 1 in Dodging
 10049 | Lair:1   | Entered Level 1 of the Lair of Beasts
 10239 | Lair:1   | Noticed Sonja
 10969 | D:10     | Reached XP level 11. HP: 75/95 MP: 16/16
 11096 | D:10     | Killed Sonja
 11266 | Lair:1   | Noticed Fannar
 11275 | Lair:1   | Banished Fannar
 11872 | Lair:1   | Noticed Urug
 11889 | Lair:1   | HP: 3/95 [Urug/+3 war axe of freezing (19)]
 11889 | Lair:1   | Slain by Urug

Levels and vault maps discovered:
D:1:      wander_arrival_lonely_grave, layout_loops_corners
D:2:      layout_basic, uniq_sigmund
D:3:      wad_lake_hut, layout_rooms, first_ration
D:4:      layout_basic, minmay_temple_entry_glass
D:5:      layout_rooms, kennysheep_mini, serial_shops,
          nicolae_shop_overgrown_old_shop, kennysheep_small_circle
D:6:      layout_cave_pools, led_sif_pool, serial_shops, nicolae_shop_trees
D:7:      minmay_s_stair_smasher, layout_rooms, fedhas_altar_2
D:8:      layout_basic, nemelex_xobeh_ov_fountains_minmay,
          lemuel_coloured_pillars_altar, slow_altar_2, the_bakery, uniq_maggie
D:9:      layout_irregular_city, nicolae_tso_besieged_by_evil, vehumet_statue,
          serial_bayou_pond_d, minivault_25
D:10:     layout_loops_ring, dpeg_oklobed_lair, david_orc_3, grunt_ministairs_2,
          chequers_serial_rivers_room_a, kennysheep_generic_room_4
Lair:1:   layout_chaotic_city, uniq_urug, uniq_sonja, uniq_fannar

Skill      XL: |  1  2  3  4  5  6  7  8  9 10 11 |
---------------+----------------------------------+-----
Axes           | 3 4 5 6 7 8 9 10 11 | 11.6
Necromancy     | 2 3 |  3.6
Invocations    | 2 4 6 7 8 |  8.4
Fighting       | 4 5 7 8 |  8.8
Armour         | 4 5 6 7 8 |  8.1
Shields        | 4 5 6 7 |  7.9
Summonings     | 3 4 |  4.0
Dodging        | 1 2 |  2.3

Action                   |  1- 3 |  4- 6 |  7- 9 | 10-12 || total
-------------------------+-------+-------+-------+-------++-------
Melee: War axe           |   101 |   187 |    60 |       ||   348
       Hand axe          |       |       |   230 |   190 ||   420
Throw: Stone             |    71 |    36 |     9 |    10 ||   126
       Boomerang         |       |       |     3 |       ||     3
 Cast: Animate Skeleton  |       |     2 |     9 |    16 ||    27
       Summon Small Mamm |       |       |     7 |     4 ||    11
Invok: Convert to Beogh  |       |     1 |       |       ||     1
       Recall Orcish Fol |       |       |       |     6 ||     6
Evoke: Wand              |       |       |     3 |       ||     3
  Use: Scroll            |       |     1 |     5 |     9 ||    15
  Eat: Chunk             |     2 |     8 |    14 |    11 ||    35
       Ration            |       |       |       |     1 ||     1
Armor: Scale mail        |    56 |    89 |     9 |       ||   154
       Chain mail        |       |       |    88 |    60 ||   148
       Skin              |       |       |       |     1 ||     1
Dodge: Dodged            |    40 |    60 |    48 |    32 ||   180
Block: Shield            |    61 |   104 |   108 |    98 ||   371

Table legend:
 A = Non-vault XP
 B = Vault XP
 C = Vault XP percentage of total XP
 D = Non-vault monster count
 E = Vault monster count
 F = Vault count percentage of total count
                 A         B        C        D         E       F
            +---------+---------+-------+---------+---------+-------
      Total |    9653 |    2065 |  17.6 |     199 |      39 |  16.4
            +---------+---------+-------+---------+---------+-------
        D:1 |      18 |       0 |   0.0 |      11 |       0 |   0.0
        D:2 |     124 |       0 |   0.0 |      24 |       0 |   0.0
        D:3 |      70 |       0 |   0.0 |      22 |       0 |   0.0
        D:4 |     164 |       0 |   0.0 |       8 |       0 |   0.0
        D:5 |     214 |      70 |  24.6 |      11 |       1 |   8.3
        D:6 |     269 |       2 |   0.7 |       8 |       1 |  11.1
        D:7 |    1433 |     404 |  22.0 |      18 |      13 |  41.9
        D:8 |    1462 |     212 |  12.7 |      31 |       2 |   6.1
        D:9 |    1475 |      71 |   4.6 |      26 |      15 |  36.6
       D:10 |    2934 |     760 |  20.6 |      27 |       6 |  18.2
     Lair:1 |    1490 |     546 |  26.8 |      13 |       1 |   7.1
            +---------+---------+-------+---------+---------+-------
